 Dungeon Crawl Stone Soup version 0.22-a0-42-g002c468 (webtiles) character file.

505 Firecrotchwizard the Cudgeler (level 6, -11/57 HPs)
             Began as a Deep Dwarf Fighter on Jan 6, 2018.
             Was an Initiate of Makhleb.
             Mangled by a two-headed ogre
             ... wielding a +0 giant club
              (16 damage)
             ... on level 5 of the Dungeon.
             The game lasted 00:09:48 (4170 turns).

Firecrotchwizard the Cudgeler (Deep Dwarf Fighter)  Turns: 4170, Time: 00:09:48

Health: -11/57     AC: 10    Str: 20    XL:     6   Next: 96%
Magic:  3/3        EV:  7    Int:  8    God:    Makhleb [......]
Gold:   276        SH: 10    Dex: 14    Spells: 5/5 levels left

rFire    + . .     SeeInvis .   a - +1 flail
rCold    + . .     Gourm    .   c - +0 shield
rNeg     + . .     Faith    +   b - +0 scale mail
rPois    .         Spirit   .   (no helmet)
rElec    .         Reflect  .   v - scarf {rC+ rF+}
rCorr    .         Harm     .   (no gloves)
MR       .....                  y - +2 pair of boots
Stlth    ..........             w - amulet of faith {Faith, !P}
HPRegen  0.00/turn              e - ring of positive energy {rN+}
MPRegen  0.08/turn              (no ring)

@: non-regenerating
A: damage resistance, heal wounds, sense surroundings 1, no regeneration
a: Heal Wounds, Renounce Religion


You were on level 5 of the Dungeon.
You worshipped Makhleb.
Makhleb was noncommittal.
You were not hungry.

You visited 2 branches of the dungeon, and saw 6 of its levels.

You collected 276 gold pieces.

Inventory:

Hand Weapons
 a - a +1 flail (weapon)
Armour
 b - a +0 scale mail (worn)
 c - a +0 shield (worn)
 v - a scarf of resistance (worn)
   (You found it on level 5 of the Dungeon)
 y - a +2 pair of boots (worn)
   (You found it on level 5 of the Dungeon)
Jewellery
 e - a ring of positive energy (left hand) {rN+}
   (You found it on level 1 of the Dungeon)
 s - an uncursed ring of poison resistance {unknown}
   (You found it on level 5 of the Dungeon)
 w - an amulet of faith (around neck) {Faith, !P}
   (You found it on level 4 of the Dungeon)
Wands
 j - a wand of iceblast (5)
   (You found it on level 4 of the Dungeon)
 p - a wand of paralysis (7)
   (You found it on level 4 of the Dungeon)
Scrolls
 i - 5 scrolls of remove curse
 k - 2 scrolls of identify
 r - 2 scrolls of enchant weapon
 x - a scroll of enchant armour
Potions
 d - a potion of might
 g - a potion of lignification {unknown}
 h - 2 potions of heal wounds {unknown}
 m - 4 potions of curing
 n - a potion of mutation {unknown}
 o - 2 potions of flight {unknown}
 q - 2 potions of magic {unknown}
 t - a potion of degeneration {unknown}
 u - a potion of cancellation {unknown}
 A - a potion of berserk rage {unknown}
Books
 l - a book of Misfortune
   (You found it on level 2 of the Dungeon)
Comestibles
 f - 4 rations {@e1}


   Skills:
 + Level 4.0 Fighting
 * Level 5.0 Maces & Flails
 + Level 4.8 Armour
 + Level 4.8 Shields


You had 5 spell levels left.
You didn't know any spells.

Dungeon Overview and Level Annotations

Branches:
Dungeon (5/15)             Temple (1/1) D:4

Altars:
Ashenzari
Cheibriados
Dithmenos
Kikubaaqudgha
Makhleb
Nemelex Xobeh
Ru
Sif Muna
Uskayaw
Vehumet
Wu Jian
Zin


Innate Abilities, Weirdness & Mutations

You are resistant to damage.
You can heal yourself by infusing magical energy.
You passively map a small area around you.
You do not regenerate.


Message History

You sock the ooze!
You kill the ooze!
Makhleb accepts your kill.
No target in view!
As you open the door, it creaks loudly!
A giant cockroach comes into view.
You hit the giant cockroach.
You kill the giant cockroach!
Makhleb accepts your kill.
No target in view!
There is an open door here.
Found a stone staircase leading up.
There is a stone staircase leading up here.
You now have 256 gold pieces (gained 20).
You open the door.
A giant cockroach comes into view.
A giant cockroach is nearby!
There is an open door here.
The giant cockroach barely misses you. x2
Your shield and scale mail prevent you from hitting the giant cockroach.
The giant cockroach bites you but does no damage.
Your shield and scale mail prevent you from hitting the giant cockroach.
The giant cockroach bites you. The giant cockroach closely misses you.
You hit the giant cockroach.
You kill the giant cockroach!
Makhleb accepts your kill.
No target in view!
q - 2 bubbling golden potions (gained 1)
You open the door.
There is an open door here.
You now have 276 gold pieces (gained 20).
i - 5 scrolls of remove curse (gained 1)
A - a lumpy orange potion All of the chunks of flesh in your inventory have rotted away.
You see here a dagger.
y - a pair of glowing boots You start removing your armour.
You continue taking off your +2 pair of boots. x4
You finish taking off your +2 pair of boots.
You start putting on your armour.
You continue putting on your pair of glowing boots. x5
You finish putting on your +2 pair of boots.
Drop what? 26/52 slots (_ for help) (? for menu, Esc to quit)
You drop a +2 pair of boots.
You drop a +1 pair of boots.
You open the door.
There is an open door here.
s - a golden ring As you open the door, it creaks loudly!
There is an open door here.
There is an open door here.
v - a glowing scarf You start putting on your armour.
You continue putting on your glowing scarf. x4
You finish putting on your scarf of resistance.
You feel resistant to extremes of temperature.
A leopard gecko comes into view.
The leopard gecko hisses angrily.
You hear two shouts!
You block the leopard gecko's attack.
A two-headed ogre comes into view. It is wielding two giant clubs.
You barely miss the leopard gecko. You block the leopard gecko's attack.
Your shield and scale mail prevent you from hitting the two-headed ogre.
You block the two-headed ogre's attack.
The two-headed ogre hits you with a giant club!!
You take 20 damage, and have 34/57 hp.
MASSIVE DAMAGE!!
Your magical essence is drained by the effort!
You feel much better. You block the two-headed ogre's attack.
The two-headed ogre hits you with a giant club!
You regained 19 hp, and now have 53/57 hp.
You now have 3/3 mp.
You hit the two-headed ogre.
You block the leopard gecko's attack. x2
The two-headed ogre hits you with a giant club!!
The two-headed ogre hits you with a giant club!
You take 25 damage, and have 28/57 hp.
MASSIVE DAMAGE!!
You thump the two-headed ogre! The leopard gecko barely misses you.
You hit the two-headed ogre. You block the two-headed ogre's attack.
The two-headed ogre hits you with a giant club.
The leopard gecko barely misses you. x2
You take 1 damage, and have 27/57 hp.
You hit the two-headed ogre.
The two-headed ogre hits you with a giant club.
The two-headed ogre barely misses you. You block the leopard gecko's attack.
The two-headed ogre hits you with a giant club!
* * * LOW HITPOINT WARNING * * *
The two-headed ogre barely misses you.
You take 12 damage, and have 15/57 hp.
MASSIVE DAMAGE!!
You hit the two-headed ogre. You block the leopard gecko's attack.
The leopard gecko barely misses you.
The two-headed ogre hits you but does no damage.
The two-headed ogre hits you with a giant club!
* * * LOW HITPOINT WARNING * * *
You take 10 damage, and have 5/57 hp.
You hit the two-headed ogre.
The leopard gecko bites you but does no damage.
You block the two-headed ogre's attack.
The two-headed ogre hits you with a giant club!!
You die...

, .# * * ###*.## ,
, * # #..,.. *, **
* * #.#.# .# * * *
#.#.##.# * , , , *
#......# * * ,,, *
###.#.########,,
#### #.#..#.#.#l##
...# #.#.###.#@O.#
* ...#
#.#..#.####.# #.
...# #.#.###.# ###
.* ...# #.#..#.##
#.## .# ...#
#.#.#.##* #..##
###.. ...# #.#.###
,#...## ##.##.
...#####.#).
#....####...#.
......>..##.
###,##....'..[..)..
.##.####..###
#.###.....####...#.


You could see a two-headed ogre and a leopard gecko.

Vanquished Creatures
  An ogre (D:5)
  3 orc priests
  A hound (D:4)
  An orc wizard (D:4)
  Natasha (thrice) (D:2)
  A worker ant (D:4)
  4 gnolls (D:2)
  5 adders
  2 oozes
  3 worms
  3 leopard geckos
  8 orcs
  2 ball pythons (D:4)
  5 bats
  5 giant cockroaches
  5 goblins
  10 hobgoblins
  4 kobolds
  A quokka (D:2)
  4 frilled lizards
  A jackal skeleton (D:4)
  8 rats
80 creatures vanquished.

Vanquished Creatures (others)
  The ghost of FRamirez the Slasher, an amateur DsGl (D:4)
1 creature vanquished.

Grand Total: 81 creatures vanquished

Notes
Turn   | Place    | Note
-------+----------+-------------------------------------------
     0 | D:1      | Firecrotchwizard the Deep Dwarf Fighter began the quest for the Orb.
     0 | D:1      | Reached XP level 1. HP: 20/20 MP: 1/1
   295 | D:1      | Reached XP level 2. HP: 25/27 MP: 2/2
   710 | D:2      | Noticed Natasha
   717 | D:2      | Noticed a crimson imp
   718 | D:2      | HP: 5/27 [white imp/puff of frost[Natasha] (4)]
   723 | D:2      | Killed Natasha
   723 | D:2      | Reached skill level 3 in Fighting
   723 | D:2      | Reached XP level 3. HP: 7/34 MP: 3/3
   734 | D:2      | Noticed Natasha
   849 | D:2      | Killed Natasha
   849 | D:2      | Reached skill level 3 in Maces & Flails
   963 | D:2      | Reached XP level 4. HP: 22/42 MP: 4/4
  1031 | D:2      | Reached skill level 4 in Armour
  1033 | D:2      | Reached skill level 4 in Shields
  1078 | D:2      | Noticed Natasha
  1087 | D:2      | Killed Natasha
  1087 | D:2      | Reached XP level 5. HP: 30/49 MP: 4/4
  1679 | D:3      | Got a slimy scale mail
  1713 | D:3      | Identified the +6 scale mail of Wapox {*Slow +Blink Int+2} (You found it on level 3 of the Dungeon)
  2035 | D:3      | Reached skill level 4 in Maces & Flails
  2510 | D:3      | HP: 10/49 [orc priest/divine providence (8)]
  2523 | D:3      | HP: 12/49 [orc priest/divine providence (8)]
  2532 | D:3      | Reached XP level 6. HP: 19/56 MP: 4/4
  2876 | D:4      | Killed FRamirez's ghost
  3352 | D:4      | Found a staircase to the Ecumenical Temple.
  3361 | Temple   | Entered the Ecumenical Temple
  3386 | Temple   | Became a worshipper of Makhleb the Destroyer
  3737 | D:5      | Entered Level 5 of the Dungeon
  3800 | D:5      | Reached skill level 4 in Fighting
  3800 | D:5      | Reached skill level 5 in Maces & Flails
  4162 | D:5      | Noticed a two-headed ogre
  4169 | D:5      | HP: 5/57 [two-headed ogre/giant club (10)]
  4170 | D:5      | Mangled by a two-headed ogre

Vault maps used:
D:1:      onia_arrival_mini_maze_b
D:2:      minmay_domino_2, uniq_natasha
D:3:      minmay_misc_feat_ornament, eino_tiny_chamber
D:4:      lemuel_temple_firewalk_a, first_ration
D:5:      minmay_misc_feat_room, minmay_small_thing
Temple:   compressed_dpeg_circular_temple

Skill      XL: |  1  2  3  4  5  6 |
---------------+-------------------+-----
Fighting       | 3 4 |  4.0
Maces & Flails | 3 4 5 |  5.0
Armour         | 4 |  4.8
Shields        | 4 |  4.8

Action                   |  1- 3 |  4- 6 || total
-------------------------+-------+-------++-------
Melee: Flail             |    51 |   250 ||   301
 Abil: Heal Wounds       |     1 |     9 ||    10
Evoke: Wand              |       |     3 ||     3
  Use: Scroll            |       |     9 ||     9
  Eat: Chunk             |       |     8 ||     8
       Ration            |       |     1 ||     1
Armor: Scale mail        |    23 |   124 ||   147
Dodge: Dodged            |    20 |    74 ||    94
Block: Shield            |    37 |   132 ||   169

Table legend:
 A = Spawn XP
 B = Non-spawn XP
 C = Spawn XP percentage of total XP
 D = Spawn monster count
 E = Non-spawn monster count
 F = Spawn count percentage of total count
 G = Total turns spent on level
                    A         B        C        D         E        F      G
               +---------+---------+-------+---------+---------+-------+---------
         Total |       0 |     722 |   0.0 |       0 |      80 |   0.0 |  4170
               +---------+---------+-------+---------+---------+-------+---------
           D:1 |       0 |      16 |   0.0 |       0 |       9 |   0.0 |   812
           D:2 |       0 |     238 |   0.0 |       0 |      27 |   0.0 |   855
           D:3 |       0 |     154 |   0.0 |       0 |      27 |   0.0 |  1188
           D:4 |       0 |     190 |   0.0 |       0 |      13 |   0.0 |   832
           D:5 |       0 |     124 |   0.0 |       0 |       4 |   0.0 |   433
               +---------+---------+-------+---------+---------+-------+---------

Vault maps used:
D:1:      onia_arrival_mini_maze_b
D:2:      minmay_domino_2, uniq_natasha
D:3:      minmay_misc_feat_ornament, eino_tiny_chamber
D:4:      lemuel_temple_firewalk_a, first_ration
D:5:      minmay_misc_feat_room, minmay_small_thing
Temple:   compressed_dpeg_circular_temple

Table legend:
 A = Turns spent in this place as a percentage of turns spent in the entire game.
 B = Non-inter-level travel turns spent in this place as a percentage of non-inter-level travel turns spent in the entire game.
 C = Inter-level travel turns spent in this place as a percentage of turns spent in this place.
 D = Turns resting spent in this place as a percentage of non-inter-level travel turns spent in this place.
 E = Turns spent auto-exploring this place as a percentage of non-inter-level travel turns spent in this place.
 F = Non-inter-level travel turns spent in this place divided by the number of levels of this place that you've seen.
                   A       B       C       D       E      F
               +-------+-------+-------+-------+-------+----------------------
         Total | 100.0 | 100.0 |   5.8 |   3.8 |  77.5 | 655.0
       Dungeon |  98.8 |  99.3 |   5.2 |   3.8 |  77.5 | 780.8
        Temple |   1.2 |   0.7 |  48.0 |   0.0 |  80.8 |  26.0
               +-------+-------+-------+-------+-------+----------------------

Table legend:
 A = Kills in this place as a percentage of kills in entire the game.
 B = Kills by you in this place as a percentage of kills by you in the entire game.
 C = Kills by friends in this place as a percentage of kills by friends in the entire game.
 D = Other kills in this place as a percentage of other kills in the entire game.
 E = Experience gained in this place as a percentage of experience gained in the entire game.
 F = Experience gained in this place divided by the number of levels of this place that you have seen.
                   A       B       C       D       E      F
               +-------+-------+-------+-------+-------+----------------------
         Total | 100.0 | 100.0 |   N/A |   N/A | 100.0 | 120.3
       Dungeon | 100.0 | 100.0 |   N/A |   N/A | 100.0 | 144.4
               +-------+-------+-------+-------+-------+----------------------
